[Event "Late-Titled-Tuesday-Blitz-March-12-2024"]
[Site "Chess.com"]
[Date "2024.03.12"]
[Round "6"]
[White "ChessLover0108"]
[Black "mac0504"]
[Result "1-0"]
[WhiteElo "2950"]
[BlackElo "2718"]
[TimeControl "180+1"]
[EndTime "15:05:36 PDT"]
[Termination "ChessLover0108 won on time"]

1. c4 g6 2. Nc3 Bg7 3. d4 d6 4. e4 Nd7 5. Be2 Ngf6 6. Nf3 O-O 7. O-O e5 8. Be3 h6 9. h3 Qe7 10. Qc2 c6 11. Rad1 exd4 12. Nxd4 Nc5 13. Bf3 Nfd7 14. b3 Re8 15. Rfe1 a5 16. g3 Nf8 17. Bg2 Nfe6 18. Nde2 Ng5 19. Kh2 Ngxe4 20. Nxe4 Nxe4 21. Nd4 Nf6 22. Bxh6 Qxe1 23. Rxe1 Rxe1 24. Bxg7 Kxg7 25. Qc3 Re5 26. g4 Bxg4 27. hxg4 Nxg4+ 28. Kg1 Nf6 29.
Nf3 Re2 30. Nd2 d5 31. cxd5 cxd5 32. Bxd5 Rxd2 33. Qxd2 Rd8 34. Qxa5 Rxd5 35. Qc3 Rf5 36. a4 Kg8 37. Qc8+ Kg7 38. Qxb7 Ng4 39. Qb6 Ne5 40. a5 Rf6 41. Qb7 Nd3 42. b4 Nxf2 43.
a6 1-0

[Event "Late-Titled-Tuesday-Blitz-March-12-2024"]
[Site "Chess.com"]
[Date "2024.03.12"]
[Round "6"]
[White "remi04"]
[Black "LornerAcosta"]
[Result "1-0"]
[WhiteElo "2894"]
[BlackElo "2622"]
[TimeControl "180+1"]
[EndTime "15:05:38 PDT"]
[Termination "remi04 won by resignation"]

1. e4 c5 2. Nf3 Nc6 3. Bb5 e6 4. O-O Nge7 5. d4 cxd4 6. Nxd4 Nxd4 7. Qxd4 a6 8. Bd3 Nc6 9. Qe3 Qc7 10. c4 Be7 11.
Nc3 O-O 12. b3 Ne5 13. Qg3 Qa5 14. Be2 f5 15. exf5 Rxf5 16. Bb2 d6 17. Rad1 Qc7 18. f4 Ng6 19. Bd3 Rf6 20. f5 Ne5 21. Bb1 Bd7 22. Qh3 h6 23. fxe6 Bxe6 24. Qe3 Rxf1+ 25. Rxf1 Bg5 26.
Qe4 g6 27. Nd5 Qg7 28. c5 Re8 29. cxd6 Bd7 30. Ne7+ Bxe7 31. Qd5+ Kh7 32. Bxe5 Bc6 33. Qf7 Qxf7 34. Rxf7+ Kg8 35. Rxe7 Rxe7 36. dxe7 Kf7 37.
Bd6 Ke6 38. Bxg6 b6 39. Ba3 a5 40. e8=Q+ Bxe8 41. Bxe8 1-0

[Event "Late-Titled-Tuesday-Blitz-March-12-2024"]
[Site "Chess.com"]
[Date "2024.03.12"]
[Round "6"]
[White "vugarrasulov"]
[Black "KyronGriffith"]
[Result "1-0"]
[WhiteElo "2941"]
[BlackElo "2688"]
[TimeControl "180+1"]
[EndTime "15:05:39 PDT"]
[Termination "vugarrasulov won by resignation"]

1. e4 c5 2. Nf3 e6 3. g3 Nc6 4. Bg2 Nf6 5. d3 d5 6. Nbd2 b6 7. O-O Bb7 8. Re1 Be7 9. a3 O-O 10. e5 Nd7 11. Nf1 Rc8 12. h4 Qc7 13. Bf4 b5 14. h5 a5 15. h6 g6 16. N1h2 d4 17.
Ng4 Qd8 18. a4 bxa4 19. Qd2 Rb8 20. Rxa4 Nb6 21. Raa1 Nd5 22. Bg5 Ba8 23. b3 Bb7 24. Bxe7 Qxe7 25. Ng5 Ncb4 26. Ne4 Ra8 27. Ngf6+ Nxf6 28. Nxf6+ Kh8 29. Bxb7 Qxb7 30. Ne4 Qe7 31. Ra4 Nc6 32.
Qf4 g5 33. Qxg5 Qxg5 34. Nxg5 Kg8 35. Ne4 Nb4 36. Re2 Rfc8 37. Nf6+ Kh8 38. f4 Rc7 39. Kf2 Nc6 40. Kf3 Ne7 41. g4 Ng8 42. Nxg8 Kxg8 43.
Re1 Kf8 44. Rea1 Rca7 45. Ke4 Ke7 46. f5 Kd7 47. fxe6+ fxe6 48. Rf1 Kc6 49. Rf6 Re8 50.
g5 Ree7 51. Ra1 Kb5 52. g6 hxg6 53. Rxg6 Kb4 54. Ra4+ Kb5 55. Kf4 Rf7+ 56. Rf6 Rfe7 57. Kg5 Ra8 58. Ra1 Rg8+ 59. Rg6 Rf8 60. Rg7 Rf5+ 61.
Kg6 Re8 62. h7 Rf2 63. Rg1 Rh2 64. Rg8 1-0

[Event "Late-Titled-Tuesday-Blitz-March-12-2024"]
[Site "Chess.com"]
[Date "2024.03.12"]
[Round "6"]
[White "ahkashefi2800"]
[Black "AlexandreHouhou"]
[Result "0-1"]
[WhiteElo "2581"]
[BlackElo "2349"]
[TimeControl "180+1"]
[EndTime "15:05:39 PDT"]
[Termination "AlexandreHouhou won on time"]

1. d4 d5 2. Nf3 Nf6 3. e3 e6 4. Bd3 Bd6 5. Nbd2 Nbd7 6. c4 c5 7. O-O cxd4 8. exd4 O-O 9. Re1 b6 10. Ne5 Bb7 11. Qf3 Qc7 12. Qg3 Rfe8 13. f4 dxc4 14.
Ndxc4 Rad8 15. Qh4 Bb4 16. Re3 Nf8 17. Rg3 Ng6 18.
Nxg6 fxg6 19. Be3 Nd5 20. Rh3 h6 21. Bxg6 Qxc4 22. Rc1 Qe2 23. Bh5 Qxb2 24. Bxe8 Nxe3 25. Bf7+ Kh7 26. Bg6+ Kxg6 27. Rg3+ Kh7 28. Rxg7+ Kxg7 29.
Rc7+ Kg6 30. Qg3+ Kf5 31. Qh3+ Ke4 32. Qf3+ Kd3 0-1

[Event "Late-Titled-Tuesday-Blitz-March-12-2024"]
[Site "Chess.com"]
[Date "2024.03.12"]
[Round "6"]
[White "JaackCamel"]
[Black "Ready4abattle"]
[Result "0-1"]
[WhiteElo "2205"]
[BlackElo "2404"]
[TimeControl "180+1"]
[EndTime "15:05:39 PDT"]
[Termination "Ready4abattle won on time"]

1. d4 Nf6 2. c4 g6 3. Nc3 d5 4. cxd5 Nxd5 5. e4 Nxc3 6. bxc3 Bg7 7. Nf3 c5 8. Be3 Qa5 9. Qd2 Nd7 10. Rc1 Nf6 11. e5 Ng4 12. Be2 Nxe3 13. fxe3 Bf5 14. O-O O-O 15. d5 Bg4 16. d6 exd6 17. exd6 Rad8 18.
Rfd1 Bh6 19. Ne5 Bxe2 20. Qxe2 Rfe8 21. Nc4 Qa6 22. d7 Rxe3 23. Qg4 Re6 24. Qh4 g5 25. Qg3 Qc6 26. Ne5 Qc7 27. Rd5 Bg7 28. Re1 h6 29. h4 f6 30. hxg5 hxg5 31. Qg4 Rxe5 32. Rdxe5 fxe5 33. Qe6+ Kh7 34. Rd1 Qc6 35. Rd6 Qe4 36.
Qe7 Qe1+ 37. Kh2 Qh4+ 38. Kg1 Rf8 0-1

[Event "Late-Titled-Tuesday-Blitz-March-12-2024"]
[Site "Chess.com"]
[Date "2024.03.12"]
[Round "6"]
[White "Josgar05"]
[Black "KSho99"]
[Result "0-1"]
[WhiteElo "2347"]
[BlackElo "2167"]
[TimeControl "180+1"]
[EndTime "15:05:42 PDT"]
[Termination "KSho99 won by resignation"]

1. Nc3 d5 2. d4 Nf6 3. Bf4 c5 4. e3 cxd4 5. exd4 a6 6. Nf3 Nc6 7. Be2 Bg4 8. Be3 e6 9. O-O Bd6 10. Qd2 Qc7 11. h3 Bh5 12. a3 O-O 13. b4 Rfc8 14. Rab1 Nxb4 15. axb4 Qxc3 16. Qd1 Qxc2 17. Qxc2 Rxc2 18. Bd3 Rc3 19. Be2 Rac8 20. b5 a5 21.
Bd2 Rc2 22. Bd3 Bxf3 23. Bxc2 Rxc2 24. gxf3 Rxd2 25. Rfc1 g6 26. Rc8+ Kg7 27. Rd8 Bf4 28. Kg2 Rxd4 29. Ra1 a4 30. Ra8 Rb4 31. R8xa4 Rxa4 32. Rxa4 g5 33. Ra7 d4 34. Rxb7 d3 35. Kf1 Nd5 36. Ra7 d2 37. Ra1 Nc3 38. b6 d1=Q+ 39. Rxd1 Nxd1 40. b7 Nc3 41. Ke1 Kf6 42. Kf1 Ke7 43.
Ke1 Kd7 44. Kf1 Kc7 45. h4 Kxb7 46. hxg5 Bxg5 47. Kg2 Bf4 48. Kh3 Nd5 49. Kg4 f5+ 50.
Kh5 Kc6 51. Kh4 Kd6 52. Kh5 Ke5 53. Kh4 Kf6 54. Kh5 Nc7 55. Kh4 Ne8 56. Kh5 Ng7+ 57. Kh4 Kg6 58. Kh3 Bd6 59. Kh4 e5 60. Kh3 Kg5 61.
Kg3 e4+ 62. Kg2 exf3+ 0-1

[Event "Late-Titled-Tuesday-Blitz-March-12-2024"]
[Site "Chess.com"]
[Date "2024.03.12"]
[Round "6"]
[White "DanielNaroditsky"]
[Black "Zhigalko_Sergei"]
[Result "1/2-1/2"]
[WhiteElo "3076"]
[BlackElo "2864"]
[TimeControl "180+1"]
[EndTime "15:05:43 PDT"]
[Termination "Game drawn - insufficient material"]

1. e4 c5 2. c3 d5 3. exd5 Qxd5 4. d4 Nf6 5. Nf3 e6 6. Na3 Nc6 7. Be3 cxd4 8. Nb5 Qd8 9. Nbxd4 Nd5 10. Nxc6 bxc6 11.
Ne5 Qc7 12. Bd4 Rb8 13. Be2 c5 14. Qa4+ Bd7 15. Nxd7 Qxd7 16. Qxd7+ Kxd7 17. Be5 Bd6 18. Bxd6 Kxd6 19. O-O-O Kc7 20. Bf3 Rhd8 21. Rhe1 Nf4 22.
Kc2 Rxd1 23. Rxd1 Rd8 24. Rxd8 Kxd8 25. b4 cxb4 26. cxb4 Kc7 27. a4 f5 28. Kd2 e5 29.
Ke3 Kd6 30. a5 Nd5+ 31. Bxd5 Kxd5 32. Kd3 e4+ 33. Kc3 f4 34. b5 Kc5 35. b6 axb6 36.
axb6 Kxb6 37. Kd4 e3 38. fxe3 fxe3 39. Kxe3 Kc5 40. Ke4 Kd6 41. Kf5 Kd5 42. g4 Kd6 43. h4 Kd5 44. h5 Kd6 45. h6 gxh6 46. Kf6 Kd5 47. Kg7 Ke5 48. Kxh6 Kf4 49. Kh5 Kf3 50.
g5 Kf4 51. Kh6 Kf5 52. Kxh7 Kxg5 1/2-1/2

[Event "Late-Titled-Tuesday-Blitz-March-12-2024"]
[Site "Chess.com"]
[Date "2024.03.12"]
[Round "6"]
[White "Gryffindorac8"]
[Black "corvachesky"]
[Result "1-0"]
[WhiteElo "2378"]
[BlackElo "2494"]
[TimeControl "180+1"]
[EndTime "15:05:44 PDT"]
[Termination "Gryffindorac8 won by resignation"]

1. d4 d5 2. c4 e6 3. Nf3 Nf6 4.
g3 Be7 5. Bg2 O-O 6. O-O b6 7.
cxd5 exd5 8. Nc3 Bb7 9. Bf4 c5 10. dxc5 bxc5 11. Qb3 Qb6 12. Qxb6 axb6 13. Ne5 Rd8 14.
Rfd1 Ra7 15. Nc4 dxc4 16. Rxd8+ Bxd8 17. Bxb8 Ra8 18. Bxb7 Rxb8 19. Ba6 Bc7 20. Bxc4 Be5 21. Rd1 Kf8 22. a4 Ke7 23. Rd3 Kf8 24. e3 Ke7 25.
f4 Bc7 26. Nb5 Bd8 27. Kg2 Ne8 28. Kf3 g6 29. e4 Rb7 30. e5 Rd7 31. Rxd7+ Kxd7 32. Bxf7 Nc7 33. Nxc7 Bxc7 34. Ke4 Ke7 35. Bg8 Kf8 36.
Bc4 Ke7 37. Kd5 Bd8 38. g4 Kd7 39. f5 gxf5 40. gxf5 Bh4 41. f6 Bg5 42. b3 Ke8 43.
Ke6 Bf4 44. h3 h5 45. Kf5 Bg3 46. e6 Bd6 47. Bb5+ Kf8 48. e7+ Bxe7 49. fxe7+ Kxe7 50. Kg5 1-0

[Event "Late-Titled-Tuesday-Blitz-March-12-2024"]
[Site "Chess.com"]
[Date "2024.03.12"]
[Round "6"]
[White "Nick12772"]
[Black "Goryachkina"]
[Result "1/2-1/2"]
[WhiteElo "2368"]
[BlackElo "2646"]
[TimeControl "180+1"]
[EndTime "15:05:44 PDT"]
[Termination "Game drawn by repetition"]

1. Nf3 Nf6 2. g3 g6 3. Bg2 Bg7 4. O-O O-O 5. c4 d6 6. Nc3 Nbd7 7. d3 e5 8. Rb1 a5 9. a3 Qe7 10. e4 h6 11. b4 axb4 12. axb4 c6 13. Be3 Ng4 14.
Bd2 f5 15. h3 Ngf6 16. Nh4 Qe8 17. exf5 gxf5 18. Nxf5 Qe6 19. Nxg7 Kxg7 20. b5 Nc5 21. bxc6 bxc6 22. Bxc6 Ra7 23. Bg2 Raf7 24. Be3 Nh7 25. Nd5 Ng5 26. Bxg5 hxg5 27. d4 Nd7 28. Ne3 Qg6 29. Qc2 exd4 30. Qxg6+ Kxg6 31. Nc2 d3 32. Be4+ Kg7 33. Bxd3 Ne5 34. Be4 Bxh3 35. Bg2 Nf3+ 36. Bxf3 Rxf3 37. Nd4 R3f6 38. Rfe1 Rxf2 39. Ne6+ Bxe6 40.
Rxe6 Rc2 41. Rb7+ Rf7 42. Rxf7+ Kxf7 43. Rxd6 Rxc4 44. Kg2 Rb4 45. Rc6 Rd4 46. Kh3 Kg7 47.
Rb6 Rc4 48. Rd6 Rb4 49. Rc6 Ra4 50. Rb6 Rc4 51. Rd6 Rb4 52. Rc6 Ra4 53. Rd6 Rb4 1/2-1/2

[Event "Late-Titled-Tuesday-Blitz-March-12-2024"]
[Site "Chess.com"]
[Date "2024.03.12"]
[Round "6"]
[White "Lennis93"]
[Black "Mikayel99"]
[Result "1-0"]
[WhiteElo "2700"]
[BlackElo "2559"]
[TimeControl "180+1"]
[EndTime "15:05:45 PDT"]
[Termination "Lennis93 won by checkmate"]

1. d4 d5 2. Nf3 Nf6 3. g3 c5 4.
Bg2 Nc6 5. O-O e6 6. c4 cxd4 7. Nxd4 Nxd4 8. Qxd4 Qb6 9. Qh4 Be7 10. cxd5 Nxd5 11.
Qc4 O-O 12. Rd1 Bd7 13. e4 Bb5 14. Qb3 Nf6 15. Nc3 Bc6 16. Qxb6 axb6 17. Be3 b5 18. e5 Ng4 19. Bd4 b4 20. Ne4 Rfd8 21. h3 Nh6 22. g4 b3 23. a3 Kf8 24. Bb6 Rd5 25. f4 Ng8 26. Nd6 Rxd1+ 27. Rxd1 Bxd6 28. exd6 Bd7 29. Bc7 Ra7 30. g5 f6 31. Rd3 e5 32.
fxe5 fxe5 33. Rxb3 h6 34. Rxb7 Rxb7 35. Bxb7 hxg5 36.
b3 Nf6 37. a4 Be6 38. b4 e4 39. a5 e3 40. a6 Bxh3 41. a7 Ng4 42. a8=Q+ Kf7 43.
Bd5+ Kg6 44. Qe8+ Kh7 45. Be4+ Kh6 46. Qh8# 1-0

[Event "Late-Titled-Tuesday-Blitz-March-12-2024"]
[Site "Chess.com"]
[Date "2024.03.12"]
[Round "6"]
[White "SameerMujumdar"]
[Black "javierfreilemartin"]
[Result "0-1"]
[WhiteElo "2524"]
[BlackElo "2318"]
[TimeControl "180+1"]
[EndTime "15:05:45 PDT"]
[Termination "javierfreilemartin won by resignation"]

1. e4 c5 2. Nf3 e6 3. d4 cxd4 4. Nxd4 a6 5. c4 h6 6. Nc3 d6 7. Be2 Nf6 8. O-O b6 9. Bf3 Ra7 10. Be3 Bb7 11. a4 Nbd7 12. a5 Be7 13. axb6 Nxb6 14.
Qb3 Nfd7 15. Rfd1 O-O 16. Ndb5 axb5 17. Rxa7 bxc4 18. Qa2 Qb8 19. Ra1 Nc8 20. Ra5 Ne5 21. Be2 Qc7 22. f3 Rd8 23. Rb5 d5 24. exd5 exd5 25.
Bf2 Bf6 26. Rd1 d4 27. Rxd4 Rxd4 28. Bxd4 Nxf3+ 29. Bxf3 Bxd4+ 30. Kf1 Bxf3 31. gxf3 Qxh2 32. Ne4 Qh1+ 33. Ke2 Qg2+ 34. Ke1 Qxf3 35. Qxc4 Qxe4+ 36. Kd1 Nd6 37. Rb8+ Kh7 38. Qc2 f5 39. Qxe4 Nxe4 40. b4 h5 41. Rd8 Be3 42. Ke2 f4 43. Kf3 Nc3 44. Kg2 g5 45. Rb8 g4 46. b5 f3+ 47.
Kf1 g3 0-1

[Event "Late-Titled-Tuesday-Blitz-March-12-2024"]
[Site "Chess.com"]
[Date "2024.03.12"]
[Round "6"]
[White "sorch29"]
[Black "Resignify"]
[Result "0-1"]
[WhiteElo "2447"]
[BlackElo "2272"]
[TimeControl "180+1"]
[EndTime "15:05:46 PDT"]
[Termination "Resignify won on time"]

1. d4 Nf6 2. c4 g6 3. Nc3 Bg7 4. e4 d6 5. Be2 O-O 6. Be3 a5 7. g4 e5 8. d5 Na6 9. g5 Nd7 10.
h4 f5 11. gxf6 Nxf6 12. h5 gxh5 13. Bxh5 Nc5 14. f3 Bd7 15. Qd2 Nxh5 16. Rxh5 Qf6 17.
O-O-O Be8 18. Rh3 Bg6 19. Qg2 Qf7 20. Nge2 a4 21. Rdh1 Nd3+ 22. Kb1 Nf4 23. Nxf4 exf4 24. Bf2 Qf6 25. a3 c6 26. Rd1 c5 27. Kc2 Rab8 28. Rdh1 b5 29. cxb5 Rxb5 30. Be1 Rb3 31. Kc1 Qd4 32. Qd2 Qe5 33. Qc2 Rfb8 34. Nxa4 Rxb2 35.
Nxb2 Rxb2 0-1

[Event "Late-Titled-Tuesday-Blitz-March-12-2024"]
[Site "Chess.com"]
[Date "2024.03.12"]
[Round "6"]
[White "Defenstrator"]
[Black "HaryKane"]
[Result "0-1"]
[WhiteElo "2422"]
[BlackElo "2595"]
[TimeControl "180+1"]
[EndTime "15:05:48 PDT"]
[Termination "HaryKane won by checkmate"]

1. Nf3 e6 2. e4 d5 3. Nc3 dxe4 4.
Nxe4 Nd7 5. b3 Ngf6 6. Ng3 Be7 7. Bb2 O-O 8. d4 Re8 9. Bd3 c5 10. O-O cxd4 11. Nxd4 Nc5 12. Bc4 a6 13. Qf3 Qc7 14. Rfe1 Bd7 15. Nh5 Nxh5 16. Qxh5 Bf6 17. Re3 b5 18. Nxb5 axb5 19. Bxf6 gxf6 20. Rg3+ Kf8 21.
Rf3 Qe5 22. Qh6+ Ke7 23. Rd1 bxc4 24. Re3 Qg5 25. Qh3 Bc6 26. b4 Bxg2 27. Qxg2 Qxg2+ 28.
Kxg2 Nd7 29. Re4 Nb6 30. Rh4 Rxa2 31. Rxh7 Rxc2 32. Ra1 Rg8+ 33. Kf3 Ra8 34. Rg1 Ra3+ 35. Ke4 f5+ 36. Kd4 Rd3+ 37. Kc5 Nd7+ 38. Kc6 Rd6+ 39.
Kc7 Ne5 40. Rg8 Rd7+ 41. Kc8 Ra2 42. Kb8 Nc6+ 43. Kc8 Ra8# 0-1

[Event "Late-Titled-Tuesday-Blitz-March-12-2024"]
[Site "Chess.com"]
[Date "2024.03.12"]
[Round "6"]
[White "ValeriyGrinev"]
[Black "jcibarra"]
[Result "1/2-1/2"]
[WhiteElo "2612"]
[BlackElo "2922"]
[TimeControl "180+1"]
[EndTime "15:05:49 PDT"]
[Termination "Game drawn by repetition"]

1. d4 Nf6 2. c4 d6 3. Nc3 e5 4. Nf3 e4 5. Ng5 Qe7 6. Qc2 Bf5 7. g4 Bg6 8. Bg2 Nc6 9. e3 O-O-O 10. Ngxe4 d5 11. Nxd5 Rxd5 12. cxd5 Nb4 13. Qa4 Bxe4 14. f3 Nc2+ 15. Kf2 Nxa1 16. fxe4 Nxe4+ 17. Bxe4 Qxe4 18.
Bd2 Nc2 19. Rc1 Nxe3 20. Bxe3 Be7 21. Qxa7 Bh4+ 22. Ke2 Re8 23. Qa8+ Kd7 24. Qa4+ Ke7 25. Rxc7+ Kf8 26. Qa3+ Kg8 27. Kd2 Qxd5 28. Qb3 Qg2+ 29. Kd3 Qe4+ 30. Kd2 Qg2+ 31. Kd3 Qf1+ 32. Kd2 Be1+ 33.
Kc2 h5 34. gxh5 Qe2+ 35. Kb1 Qf1 36. Bc1 Qf5+ 37. Qc2 Qf6 38. Rc8 Rxc8 39. Qxc8+ Kh7 40. Qc2+ Kg8 41. Qe4 Bb4 42. a3 Bd6 43. Qxb7 Bxh2 44. Qc8+ Kh7 45. Qc2+ Kg8 46. Qxh2 Qxd4 47. Qc2 Qg4 48.
a4 Qxh5 49. Bd2 Qd5 50. a5 f5 51. Qc8+ Kh7 52. Bc3 Qd1+ 53. Ka2 Qa4+ 54. Kb1 Qd1+ 55. Ka2 Qa4+ 56. Kb1 Qd1+ 1/2-1/2

[Event "Late-Titled-Tuesday-Blitz-March-12-2024"]
[Site "Chess.com"]
[Date "2024.03.12"]
[Round "6"]
[White "HansOnTwitch"]
[Black "Angry_Twin"]
[Result "1/2-1/2"]
[WhiteElo "3109"]
[BlackElo "2979"]
[TimeControl "180+1"]
[EndTime "15:05:51 PDT"]
[Termination "Game drawn by repetition"]

1. e4 c5 2. Nf3 d6 3. d4 cxd4 4. Nxd4 Nf6 5. Nc3 a6 6. h3 e6 7.
g4 h6 8. a3 Be7 9. Be3 Nc6 10.
Nxc6 bxc6 11. h4 Rb8 12. Rb1 Qa5 13. Bd2 Qc7 14. Rh3 d5 15. g5 hxg5 16. hxg5 Rxh3 17. Bxh3 Nxe4 18. Nxe4 dxe4 19. Qg4 Rb5 20. c4 Rb3 21. Bg2 Qe5 22. Qxe4 Qxe4+ 23. Bxe4 c5 24. Ke2 Bb7 25.
Bxb7 Rxb7 26. b4 cxb4 27. axb4 Kd7 28. Kd3 Kc6 29. Kc2 Rd7 30. Be3 Rb7 31. Bd2 g6 32. f4 Bd6 33. Kd3 Be7 34. Bc3 Bd6 35. Ke4 Be7 36.
Ra1 Bxb4 37. Rxa6+ Kd7 38. Bd4 Be7 39. c5 Rc7 40. Ra5 Kc6 41. Ra6+ Kd7 42. Ra5 Kc6 43. Ra6+ Kd7 1/2-1/2

[Event "Late-Titled-Tuesday-Blitz-March-12-2024"]
[Site "Chess.com"]
[Date "2024.03.12"]
[Round "6"]
[White "BlueWizzard"]
[Black "Jarming"]
[Result "0-1"]
[WhiteElo "2869"]
[BlackElo "2669"]
[TimeControl "180+1"]
[EndTime "15:05:51 PDT"]
[Termination "Jarming won on time"]

1. e4 c5 2. d4 cxd4 3. Ne2 d6 4. Qxd4 Nc6 5. Qe3 g6 6. g3 Bg7 7. Bg2 Nf6 8. Nbc3 Rb8 9. O-O b5 10. Nd5 O-O 11. a3 a5 12. h3 Ne5 13. Nxf6+ Bxf6 14. Nc3 Nc4 15. Qe2 Be6 16. Rb1 Qc8 17. Nd5 Bxd5 18. exd5 a4 19. b3 axb3 20. cxb3 Ne5 21. Bh6 Re8 22.
Rfc1 Qa6 23. a4 Qa5 24. axb5 Qxb5 25. Qe3 Rec8 26. g4 Qd3 27. Qa7 Nf3+ 28. Kh1 Nh4 29. Qb7 Re8 30. Qc6 Nxg2 31. Kxg2 Qe4+ 32. Kg1 Bd4 33. Qc2 Qf3 34. Qd2 Qxd5 35. Be3 e5 36.
Rc4 Rxb3 37. Rbc1 Rb2 38. Qd3 Qf3 39. Rxd4 exd4 40. Qxd4 Re2 41. Rd1 Qxh3 42. Qa4 R2xe3 0-1

[Event "Late-Titled-Tuesday-Blitz-March-12-2024"]
[Site "Chess.com"]
[Date "2024.03.12"]
[Round "6"]
[White "SchmakAttack"]
[Black "Oleksandr_Bortnyk"]
[Result "1/2-1/2"]
[WhiteElo "2822"]
[BlackElo "3003"]
[TimeControl "180+1"]
[EndTime "15:05:53 PDT"]
[Termination "Game drawn by repetition"]

1. e4 Nf6 2. e5 Nd5 3. d4 d6 4. c4 Nb6 5. exd6 exd6 6. Nc3 Be7 7. h3 O-O 8. Nf3 Nc6 9. Be2 Bf6 10. O-O Bf5 11. b3 Re8 12. Be3 h6 13. Qd2 d5 14.
c5 Nc8 15. Bd3 N8e7 16. Bxf5 Nxf5 17. Qd3 Qd7 18. Rae1 Re7 19. g4 Nh4 20. Nxh4 Bxh4 21. Kg2 Rae8 22. Bd2 Rxe1 23. Rxe1 Rxe1 24. Bxe1 Bf6 25.
Ne2 a6 26. f3 Qe7 27. Bf2 Qd7 28. Ng3 g6 29. Be3 Bg7 30. f4 Qe7 31. f5 g5 32.
Bf2 Kf8 33. Nh5 Bf6 34. Qf3 Bxd4 35. Bxd4 Nxd4 36. Qxd5 Qe2+ 37. Kg3 Qd3+ 38. Kg2 Qd2+ 39. Kh1 Qc1+ 40. Kg2 Qb2+ 41. Kg3 Qc3+ 42. Kg2 Qc2+ 43. Kg3 Qd3+ 44. Kg2 Qd2+ 45. Kh1 Qc1+ 46. Kg2 Qc2+ 47. Kg3 Qc3+ 48. Kg2 Nc6 49. f6 Qb2+ 50. Kg3 Qc3+ 51. Kg2 Qc2+ 52. Kg3 Qc3+ 53. Kg2 1/2-1/2

[Event "Late-Titled-Tuesday-Blitz-March-12-2024"]
[Site "Chess.com"]
[Date "2024.03.12"]
[Round "6"]
[White "ThaBarWa"]
[Black "LUISMIGUELOV"]
[Result "1-0"]
[WhiteElo "2360"]
[BlackElo "2112"]
[TimeControl "180+1"]
[EndTime "15:05:53 PDT"]
[Termination "ThaBarWa won by resignation"]

1. c4 Nf6 2. Nc3 c6 3. Nf3 d5 4. e3 Bg4 5. Qb3 Qb6 6. Qxb6 axb6 7. cxd5 Bxf3 8. gxf3 Nxd5 9. Nxd5 cxd5 10. a3 e6 11. Rg1 g6 12. Rb1 Bg7 13. d4 Nc6 14. Bd3 Kd7 15. Ke2 Na5 16. b3 Rhc8 17. Bd2 Nc6 18. a4 Bf6 19. Bb5 Be7 20. Rbc1 Kd8 21. f4 Na5 22. Bxa5 bxa5 23. Kf3 h5 24. h3 Bb4 25. Ke2 Ke7 26. Kd3 Ba3 27. Rxc8 Rxc8 28.
Rb1 Bb4 29. Rb2 Rc3+ 30. Ke2 b6 31. Bd3 f5 32. Bc2 h4 33. Bd3 Kf6 34. Bc2 g5 35. fxg5+ Kxg5 36. Bd3 f4 37. exf4+ Kxf4 38. Rb1 Ba3 39.
Rg1 Rxd3 40. Kxd3 Kf3 41. Rg4 Kxf2 42. Rxh4 Kg3 43. Rh6 Bb2 44. Rxe6 Kxh3 45. Rxb6 Kg4 46. Rb5 Kf4 47. Rxd5 1-0

[Event "Late-Titled-Tuesday-Blitz-March-12-2024"]
[Site "Chess.com"]
[Date "2024.03.12"]
[Round "6"]
[White "BardArtem"]
[Black "rasmussvane"]
[Result "1-0"]
[WhiteElo "2766"]
[BlackElo "2941"]
[TimeControl "180+1"]
[EndTime "15:05:54 PDT"]
[Termination "BardArtem won by checkmate"]

1. e4 c6 2. Nf3 d5 3. exd5 cxd5 4. Ne5 Nf6 5. d4 a6 6. c3 Nc6 7. Nd2 Bf5 8. Ndf3 Nd7 9. Bf4 e6 10. Bd3 Ndxe5 11. Nxe5 Nxe5 12. Bxe5 Bxd3 13. Qxd3 Qg5 14. O-O Be7 15. f4 Qf5 16. Qg3 Kd7 17. c4 f6 18. cxd5 fxe5 19. fxe5 Qe4 20. dxe6+ Kc6 21. Kh1 Rac8 22. Qb3 b5 23. Rf7 Rhe8 24. a4 Kb6 25. axb5 axb5 26. Rxe7 Rxe7 27. Qa3 Qc2 28. Qa6+ Kc7 29.
Qd6+ Kb7 30. Qxe7+ Rc7 31. Qh4 Qxb2 32. Qe1 Qxd4 33.
Rb1 Qd5 34. h3 Re7 35. Qh4 Rxe6 36. Qxh7 Qxe5 37. Qc2 Kb6 38. Rc1 Qd6 39. Qc8 Re5 40. Ra1 Rc5 41. Qa8 Kc7 42. Ra7+ Kb6 43. Qb7# 1-0

[Event "Late-Titled-Tuesday-Blitz-March-12-2024"]
[Site "Chess.com"]
[Date "2024.03.12"]
[Round "6"]
[White "RandomNoob04"]
[Black "IlyaGrigorjev"]
[Result "0-1"]
[WhiteElo "2644"]
[BlackElo "2933"]
[TimeControl "180+1"]
[EndTime "15:05:54 PDT"]
[Termination "IlyaGrigorjev won by resignation"]

1. e4 e5 2. d4 exd4 3. Qxd4 Nc6 4. Qe3 Nf6 5. e5 Ng4 6. Qe4 Ncxe5 7. h3 d5 8. Qe2 Bc5 9. hxg4 O-O 10. Be3 Bxg4 11. f3 Bxe3 12. Qxe3 Re8 13. Kd1 Nc4 14. Qf2 Nxb2+ 15.
Kc1 Qf6 16. c3 Nc4 17. Bxc4 dxc4 18. Ne2 Bf5 19. Nd4 Bd3 20. Qh4 Qe5 21. Nd2 c5 22. f4 Qe3 23. Nf3 Bf5 24. Kb2 Rad8 25. Rhd1 b5 26. Qg5 b4 27. Rac1 bxc3+ 28. Rxc3 Rb8+ 29. Nb3 Qf2+ 30. Rd2 Re2 31. Rcc2 h6 32. Qxf5 cxb3 33. Rxe2 bxc2+ 34. Kc3 Qxe2 35. Qxc2 Qxc2+ 36. Kxc2 f6 37. Nd2 Kf7 38. Ne4 Ke6 39. Nxc5+ Kf5 40. Nd7 Rd8 41. Nc5 Rc8 0-1

[Event "Late-Titled-Tuesday-Blitz-March-12-2024"]
[Site "Chess.com"]
[Date "2024.03.12"]
[Round "6"]
[White "Marcan2b"]
[Black "GoltsevDmitry2000"]
[Result "1/2-1/2"]
[WhiteElo "2932"]
[BlackElo "2711"]
[TimeControl "180+1"]
[EndTime "15:05:55 PDT"]
[Termination "Game drawn by agreement"]

1. e4 e6 2. d4 d5 3. Nc3 c5 4. exd5 exd5 5. Bb5+ Nc6 6. Nf3 Nf6 7. O-O Be7 8. dxc5 Bxc5 9. Re1+ Be6 10. Be3 Be7 11.
Nd4 Bd7 12. Qf3 O-O 13. h3 a6 14. Bxc6 bxc6 15. Rad1 c5 16. Nf5 Bxf5 17. Qxf5 d4 18.
Bg5 Re8 19. Bxf6 Bxf6 20. Rxe8+ Qxe8 21. Ne4 Be7 22. Nxc5 g6 23. Qe5 Bxc5 24. Qxc5 Rc8 25. Qxd4 Rxc2 26. Qd8 Qxd8 27. Rxd8+ Kg7 28. Rb8 h5 29. h4 Kf6 30. g3 Kf5 31. Rb7 f6 32.
a4 g5 33. hxg5 fxg5 34. b4 Ra2 35. a5 Rb2 36. Rb6 Kg4 37. Kg2 h4 38. gxh4 gxh4 39. Rg6+ Kf5 40. Rxa6 Rxb4 41. Rh6 Ra4 42. a6 Kg5 43. Rb6 Ra3 44. f3 Ra2+ 45. Kh3 Ra3 46. Kg2 Ra2+ 47. Kf1 h3 48. Kg1 Kf4 49. Kh1 Kg3 50.
Rg6+ Kxf3 51. Kg1 Kf4 52. Rh6 Kg5 53. Rxh3 Rxa6 1/2-1/2

[Event "Late-Titled-Tuesday-Blitz-March-12-2024"]
[Site "Chess.com"]
[Date "2024.03.12"]
[Round "6"]
[White "ChessBrainiacOnTwitch"]
[Black "Schattman"]
[Result "0-1"]
[WhiteElo "2737"]
[BlackElo "2460"]
[TimeControl "180+1"]
[EndTime "15:05:55 PDT"]
[Termination "Schattman won on time"]

1. Nf3 g6 2. b3 Bg7 3. d4 Nf6 4. Bb2 d5 5. Nbd2 O-O 6. g3 Ne4 7. Bg2 c5 8. e3 Nc6 9. O-O Bg4 10. h3 Nxd2 11. Qxd2 Bxf3 12. Bxf3 e6 13. c3 Qe7 14. a4 Rfd8 15. Ba3 Qf6 16. Bg2 cxd4 17. cxd4 Bf8 18.
b4 a5 19. bxa5 Bxa3 20. Rxa3 Nxa5 21. Qb4 Qg7 22. Raa1 Qf8 23. Qb5 Qe8 24. Qb4 Qf8 25. Qb6 Qe7 26. Rfc1 Nc4 27. Qb5 Ra5 28. Qb3 Rda8 29.
Bf1 b5 30. Qc3 Rxa4 31. Rxa4 Rxa4 32. Rb1 Ra3 33. Qc1 Ra5 34. Qc3 Qa7 35. h4 h5 36.
Qb4 Kg7 37. Qc3 Qa6 38. e4 Ra3 39. Qb4 Qa5 40. Qc5 Ra1 41. Rxa1 Qxa1 42. Kg2 Nd2 43. Bxb5 Qb1 44. Be2 Qxe4+ 0-1

[Event "Late-Titled-Tuesday-Blitz-March-12-2024"]
[Site "Chess.com"]
[Date "2024.03.12"]
[Round "6"]
[White "prochn"]
[Black "IMSlavin"]
[Result "0-1"]
[WhiteElo "2444"]
[BlackElo "2308"]
[TimeControl "180+1"]
[EndTime "15:05:55 PDT"]
[Termination "IMSlavin won on time"]

1. d4 Nc6 2. Nf3 d6 3. g3 Bg4 4. Bg2 e5 5. d5 Nce7 6. c3 Nf6 7. Bg5 Ng6 8. Qb3 Qc8 9. Nbd2 Be7 10. h3 Bd7 11. e4 h6 12. Be3 O-O 13. c4 c5 14. a4 b6 15. Qc2 a6 16. h4 Re8 17.
O-O Ng4 18. Nh2 Nxe3 19. fxe3 Rb8 20. Rf2 Rf8 21. h5 Nh8 22. Qd1 Bg5 23. Qe2 b5 24. b3 bxa4 25. bxa4 Rb2 26. Qd3 Qb7 27. Nhf3 Be7 28.
Bf1 Rb8 29. Nh4 Bxh4 30. gxh4 Bg4 31. Rg2 Bxh5 32. Re1 Ng6 33. Be2 Bxe2 34. Qxe2 Nxh4 35. Rh2 Ng6 36. Qg4 Qe7 37. Rg2 Rc2 38. Rf1 Rbb2 39.
Rff2 Ra2 40. Kh2 Kh7 41. Nf3 Rxf2 42. Ng5+ Qxg5 0-1